 Dungeon Crawl Stone Soup version 0.31-a0-133-gaae73658be (webtiles) character file.

Game seed: 5945092881934210616

1901 lunkers the Carver (level 9, -2/70 HPs)
             Began as a Meteoran Fighter on June 2, 2023.
             Was a Follower of Ru.
             Succumbed to a kobold's poison
             ... on level 7 of the Dungeon.
             The game lasted 00:13:57 (2462 turns).

lunkers the Carver (Meteoran Fighter)               Turns: 2462, Time: 00:13:58

Health: -2/70      AC: 11    Str: 18    XL:     9   Next: 64%
Magic:  10/10      EV:  9    Int: 10    God:    Ru [*.....]
Gold:   561        SH:  5    Dex: 18    Spells: 8/8 levels left

rFire   . . .        a - +1 long sword (elec)
rCold   . . .        c - +0 buckler
rNeg    . . .        b - +0 scale mail
rPois   .            k - +0 helmet
rElec   .            s - +0 cloak
rCorr   .            g - +0 pair of gloves
SInv    .            i - +0 pair of boots {Stlth+}
Will    +....        (no amulet)
Stlth   +            (no ring)
HPRegen 0.31/turn    (no ring)
MPRegen 0.12/turn

%: no passive effects
@: lethally poisoned (-2 -> -23), slowed, glowing, very slow
A: sense surroundings 2, no earth magic, no translocations magic, no
transmutations magic, otherworldly, glowing, explore regen
a: Renounce Religion


You were on level 7 of the Dungeon.
You worshipped Ru.
Ru was aware of your devotion.
You visited 1 branch of the dungeon, and saw 7 of its levels.
You also visited: Ossuary.

You collected 561 gold pieces.

Inventory:

Hand Weapons
 a - a +1 long sword of electrocution (weapon)
Armour
 b - a +0 scale mail (worn)
 c - a +0 buckler (worn)
 g - a +0 pair of gloves (worn)
 i - a +0 pair of boots of stealth (worn)
 k - a +0 helmet (worn)
 s - a +0 cloak (worn)
Wands
 j - a wand of light (4)
 q - a wand of roots (3)
Scrolls
 d - 8 scrolls of teleportation
 e - 2 scrolls of enchant weapon
 f - 4 scrolls of blinking
 y - 2 scrolls of fog
Potions
 h - 2 potions of mutation
 l - 2 potions of ambrosia
 m - a potion of brilliance
 n - 2 potions of lignification
 o - a potion of heal wounds
 p - 6 potions of curing
 t - a potion of haste
 u - 2 potions of might
 v - a potion of attraction
 x - 2 potions of enlightenment


   Skills:
 - Level 3.2 Fighting
 + Level 13.8 Long Blades
 - Level 3.6 Armour
 - Level 3.6 Shields


You had 8 spell levels left.
You didn't know any spells.
Your spell library contained the following spells:

 Spells                   Type           Power      Damage    Failure   Level
 Cigotuvi's Dreadful Rot  Necr/Pois/Air  0%         N/A       92%         2
 Ensorcelled Hibernation  Hex/Ice        0%         N/A       92%         2
 Inner Flame              Hex/Fire       0%         N/A       99%         3
 Swiftness                Air            0%         N/A       99%         3
 Arcjolt                  Conj/Air       0%         1d10      100%        5
 Freezing Cloud           Conj/Ice/Air   0%         6-21      100%        5
 Plasma Beam              Fire/Air       0%         2x1d10    100%        6
 Enfeeble                 Hex            0%         N/A       100%        7
 Passwall                 Tmut/Erth      Unusable   N/A       N/A         2
 Ignite Poison            Fire/Tmut/Pois Unusable   N/A       N/A         3
 Vhi's Electric Charge    Tloc/Air       Unusable   N/A       N/A         3
 Yara's Violent Unravell  Hex/Tmut       Unusable   3d3       N/A         5

Dungeon Overview and Level Annotations

Branches:
Dungeon (7/15) Zot: 1948   Temple (0/1) D:7         Ossuary (visited)

Altars:
Ru

Shops:
D:2 ?((   D:5 [

Annotations:
D:6 2 transporters, NateTC's ghost, novice DjIE


Innate Abilities, Weirdness & Mutations

You passively map the area around you.
You cannot study or cast Earth magic.
You cannot study or cast Translocations magic.
You cannot study or cast Transmutations magic.
You are easily found by Zot.
You glow in the dark.
You regain HP and MP as you explore.


Message History

You slash the kobold! Lightning courses through the kobold!
You kill the kobold!
The kobold hits you but does no damage.
The kobold brigand hits you but does no damage.
Unknown command.
You hit the kobold.
The kobold is heavily wounded.
You feel yourself speed up. The kobold hits you but does no damage.
The kobold brigand closely misses you. The kobold hits you but does no damage.
Unknown command.
You closely miss the kobold.
The kobold is heavily wounded.
You block the kobold's attack.
The kobold brigand hits you with a +0 club.
* * * LOW HITPOINT WARNING * * *
The kobold hits you but does no damage.
You hit the kobold but do no damage.
The kobold is heavily wounded.
The kobold barely misses you. The kobold completely misses you.
The kobold brigand hits you but does no damage.
You slash the kobold! Lightning courses through the kobold!
You kill the kobold!
Items here: ( ))) †††.
The kobold brigand attacks as you move away!
You block the kobold brigand's attack.
The kobold brigand throws a curare-tipped dart.
The curare-tipped dart hits you.
You are poisoned.
You have difficulty breathing.
* * * LOW HITPOINT WARNING * * *
You feel yourself slow down.
* * * LOW HITPOINT WARNING * * *
You feel very sick.
The kobold throws a poisoned dart.
The poisoned dart hits you!
You are more poisoned.
The kobold is stunned by your conviction and fails to attack.
The kobold brigand attacks as you move away!
The kobold brigand completely misses you.
You die...

###########
#..........
#######.......###
##..).............
#.K##.##......K...
#K.K.K..######....
#.##..#....###.K..
#@#...#......#K...
##..............#..
#......#......#...#
#..#.....#....'....
#........+....#.. .
#..#####.#....#....
##.### #......#
#...#####....# ,
###..#####..##...,


You could see a kobold brigand and a kobold.

Vanquished Creatures
  Sigmund (D:2)
  2 wyverns (D:7)
  A water moccasin (D:6)
  An orc warrior (D:7)
  A sky beast (D:6)
  2 black bears
  2 phantoms
  A kobold brigand (D:7)
  2 scorpions
  4 hounds
  4 orc priests
  A sleepcap (D:6)
  2 orc wizards
  8 mummies (Ossuary)
  7 gnolls
  3 adders
  A worm (D:2)
  A dart slug (D:2)
  23 orcs
  3 bats
  6 endoplasms
  A giant cockroach (D:3)
  2 gnoll zombies (Ossuary)
  3 goblins
  5 hobgoblins
  3 quokkas (D:4)
  5 ball pythons (D:4)
  4 frilled lizards
  2 hobgoblin zombies (Ossuary)
  13 kobolds
  2 kobold zombies (Ossuary)
  2 orc zombies (Ossuary)
  2 rats
120 creatures vanquished.

Vanquished Creatures (others)
  A jelly (D:7)
1 creature vanquished.

Grand Total: 121 creatures vanquished

Notes
Turn   | Place    | Note
-------+----------+-------------------------------------------
     0 | D:1      | lunkers the Meteoran Fighter began the quest for the Orb.
     0 | D:1      | Reached XP level 1. HP: 19/19 MP: 2/2
    92 | D:1      | Reached skill level 3 in Long Blades
    92 | D:1      | Reached XP level 2. HP: 25/26 MP: 3/3
   270 | D:1      | Reached XP level 3. HP: 28/31 MP: 4/4
   309 | D:2      | Reached skill level 4 in Long Blades
   310 | D:2      | Noticed Sigmund
   319 | D:2      | Killed Sigmund
   320 | D:2      | Reached skill level 6 in Long Blades
   320 | D:2      | Reached XP level 4. HP: 26/38 MP: 5/5
   320 | D:2      | Reached XP level 5. HP: 31/45 MP: 6/6
   320 | D:2      | Reached XP level 6. HP: 35/51 MP: 7/7
   339 | D:2      | Found Osulasub's Antique Weapon Boutique.
   443 | D:2      | Found Amem's Magic Scroll Boutique.
   494 | D:2      | Found Ihuesoog's Weapon Shop.
   500 | D:2      | Reached skill level 7 in Long Blades
   738 | D:3      | Found a sacrificial altar of Ru.
   764 | D:3      | Became a worshipper of Ru the Awakened
   996 | D:4      | Reached skill level 8 in Long Blades
   996 | D:4      | Reached XP level 7. HP: 46/57 MP: 8/8
  1105 | D:4      | Reached skill level 9 in Long Blades
  1248 | D:4      | Gained mutation: You cannot study or cast Earth magic. [Ru
                  | sacrifice]
  1248 | D:4      | Gained mutation: You cannot study or cast Transmutations
                  | magic. [Ru sacrifice]
  1248 | D:4      | Gained mutation: You cannot study or cast Translocations
                  | magic. [Ru sacrifice]
  1248 | D:4      | Reached * piety under Ru
  1299 | D:5      | Entered Level 5 of the Dungeon
  1306 | D:5      | Reached XP level 8. HP: 63/63 MP: 9/9
  1325 | D:5      | Reached skill level 10 in Long Blades
  1333 | D:5      | Found Ine Gise's Antique Armour Shoppe.
  1701 | D:6      | Reached skill level 11 in Long Blades
  1846 | D:6      | Found a transporter.
  1850 | D:6      | Found a transporter.
  1850 | D:6      | Noticed NateTC's ghost (novice DjIE)
  1850 | D:6      | Noticed a vampire mosquito
  1862 | D:6      | Noticed a wraith
  1931 | D:7      | Noticed a wyvern
  1938 | D:7      | Killed a wyvern
  1939 | D:7      | Reached skill level 12 in Long Blades
  1939 | D:7      | Gained mutation: You passively map the area around you.
                  | [Meteoran growth]
  1939 | D:7      | Reached XP level 9. HP: 26/70 MP: 10/10
  2086 | D:7      | Found a staircase to the Ecumenical Temple.
  2089 | D:7      | Reached skill level 13 in Long Blades
  2189 | D:7      | Found a sand-covered staircase.
  2197 | Ossuary  | Entered an ossuary
  2462 | D:7      | Succumbed to a kobold's poison

Illustrated notes

Levels and vault maps discovered:
D:1:      ncdulo_wetmaze, layout_loops_cross, minmay_misc_feat_encased,
          minmay_misc_feat_doors
D:2:      layout_basic, serial_shops, nicolae_diamond_shop,
          nicolae_shop_peninsula, nicolae_shop_mannequins,
          nicolae_shop_overgrown_old_shop, shop, basic_altar,
          minmay_stone_trees_small, uniq_sigmund
D:3:      layout_rooms, hangedman_ru_absence, serial_bayou_pond_e,
          columned_hall_lemuel, dreamdust_princess_corridor
D:4:      layout_cave_pools
D:5:      minmay_skewed_foursquare, layout_loops_ring, serial_shops, shop
D:6:      layout_basic, gammafunk_ghost_arena
D:7:      layout_basic, minmay_temple_entry_proselytizer,
          nicolae_ossuary_entry_ruins

Skill      XL: |  1  2  3  4  5  6  7  8  9 |
---------------+----------------------------+-----
Long Blades    | 3 6 8 9 12 13 | 13.8
Fighting       | |  3.2
Armour         | |  3.6
Shields        | |  3.6

Action                     |  1- 3 |  4- 6 |  7- 9 || total
---------------------------+-------+-------+-------++-------
  Melee: Long sword        |    53 |    67 |   267 ||   387
 Invoke: Sacrifice Arcana  |       |       |     1 ||     1
    Use: Potion            |     1 |       |       ||     1
         Scroll            |       |       |    17 ||    17
 Armour: Scale mail        |    22 |    28 |   172 ||   222
  Dodge: Dodged            |    24 |    20 |   103 ||   147
  Block: Buckler           |    10 |    10 |    74 ||    94

Table legend: (Time is in decaauts)
 A = Elapsed time spent in this place.
 B = Non-inter-level travel time spent in this place.
 C = Inter-level travel time spent in this place.
 D = Time resting spent in this place.
 E = Time spent auto-exploring this place.
 F = Levels seen in this place.
 G = Mean time per level.
                   A        B        C        D        E       F      G
               +--------+--------+--------+--------+--------+-----+--------+
         Total |   2453 |   2314 |    139 |      0 |      0 |   8 |  306.6 |
       Dungeon |   2251 |   2112 |    139 |      0 |      0 |   7 |  321.6 |
       Ossuary |    202 |    202 |      0 |      0 |      0 |   1 |  202.0 |
               +--------+--------+--------+--------+--------+-----+--------+

Top non-repeatable levels by time:
     D:6: 412 daAuts
     D:2: 365 daAuts
     D:4: 323 daAuts
     D:3: 319 daAuts
     D:5: 318 daAuts
     D:1: 310 daAuts
 Ossuary: 202 daAuts
     D:7: 201 daAuts
